Stars vs Lightning
Created - February 27, 2025 at 19:44
Goals
|
| Stars |
0 |
1 |
0 |
1 |
| Lightning |
0 |
3 |
0 |
3 |
|
Shots
|
| Stars |
14 |
6 |
10 |
30 |
| Lightning |
8 |
9 |
14 |
31 |
|
1st period
No Goal
Penalties :
Anze Kopitar (T.B) for Slashing (Minor) at 4:25, John Carlson (T.B) for Holding (Minor) at 7:38, Jeff Schultz (T.B) for Delaying the game (Minor) at 10:20
2nd period
1. Lightning , Anthony Cirelli 10 (Rasmus Ristolainen 40, Nico Hischier 18) at 5:57 (PP)
2. Lightning , Rasmus Ristolainen 12 (Alex DeBrincat 18) at 9:28 (PP)
3. Lightning , Anze Kopitar 7 (Ben Hutton 6, Rasmus Ristolainen 41) at 12:48
4. Stars , Scott Kosmachuck 3 (Andrej Sustr 13) at 16:17
Penalties :
Brian Lee (Dal) for Hooking (Minor) at 5:44, Michael Grabner (Dal) for High sticking (Minor) at 8:21, Teemu Hartikainen (T.B) for Interference (Minor) at 10:31
3rd period
No Goal
Penalties :
Alex DeBrincat (T.B) for Holding (Minor) at 2:14, Lawson Crouse (T.B) for Goalie Interference (Minor) at 12:05
Goalie Stats
Matt Murray (Dal), 28 saves from 31 shots - (0.903), L, 12-19-4, 60:00 minutes
Alex Nedeljkovic (T.B), 29 saves from 30 shots - (0.967), W, 22-19-4, 60:00 minutes
Players Stats for Stars
Player Name G A P +/- PIM S H SB GA TA FO MP PP MP PK MP
------------------------------------------------------------------------------------
Adam Tambellini 0 0 0 1 0 1 0 0 0 0 1/2 8:32 0:00 0:00
Alex Chiasson 0 0 0 0 0 3 0 1 0 0 0/0 17:38 5:28 0:00
Andrej Sustr 0 1 1 -1 0 3 2 1 1 1 0/0 27:43 7:22 0:44
Anton Cederholm 0 0 0 0 0 0 1 0 0 1 0/0 11:21 0:00 0:00
Ben Chiarot 0 0 0 1 0 0 2 0 0 3 0/0 20:56 4:32 0:36
Brian Lee 0 0 0 0 2 0 0 0 0 0 0/0 11:20 0:00 0:00
Cam Atkinson 0 0 0 -1 0 1 1 1 0 0 0/0 11:40 0:00 0:00
Evgeny Grachev 0 0 0 0 0 1 1 1 0 0 2/8 17:49 5:28 0:13
Evgeny Kuznetsov 0 0 0 -1 0 1 0 1 0 0 1/2 11:34 0:00 0:00
Guillaume Latendresse 0 0 0 0 0 2 1 0 0 1 0/1 17:51 5:28 0:13
Henrik Borgstrom 0 0 0 1 0 0 1 0 0 1 2/6 8:32 0:00 0:00
Jake Guentzel 0 0 0 0 0 5 1 2 1 1 2/2 21:57 6:26 1:07
Michael Grabner 0 0 0 0 2 1 2 0 0 0 3/4 20:49 6:26 0:00
Paul Ladue 0 0 0 -1 0 0 0 3 0 0 0/0 27:43 7:22 0:44
Scott Kosmachuck 1 0 1 1 0 6 1 0 0 1 0/0 8:32 0:00 0:00
Sidney Crosby 0 0 0 0 0 6 1 0 1 0 19/35 21:57 6:26 1:07
Tobias Rieder 0 0 0 -1 0 0 0 1 0 0 0/0 11:48 0:00 0:00
Tyler Wotherspoon 0 0 0 1 0 0 1 2 0 1 0/0 20:56 4:32 0:36
Players Stats for Lightning
Player Name G A P +/- PIM S H SB GA TA FO MP PP MP PK MP
------------------------------------------------------------------------------------
Alex DeBrincat 0 1 1 0 2 0 2 0 0 0 2/2 12:40 0:49 0:00
Alexander Kerfoot 0 0 0 0 0 3 1 2 1 0 18/38 23:17 0:31 6:42
Anthony Cirelli 1 0 1 0 0 5 3 0 0 0 0/0 18:24 0:49 4:51
Anze Kopitar 1 0 1 1 2 3 2 0 1 0 4/8 14:01 0:00 2:18
Ben Hutton 0 1 1 1 0 2 0 0 1 0 0/0 11:50 0:00 0:21
Brandon Hagel 0 0 0 1 0 0 0 0 0 0 0/0 10:41 0:00 0:00
Cory Emmerton 0 0 0 -1 0 1 1 0 0 0 2/4 7:11 0:00 0:00
Jeff Schultz 0 0 0 0 2 1 1 0 1 1 0/0 24:40 0:00 5:27
Jesper Fast 0 0 0 -1 0 0 1 0 0 0 0/0 10:29 0:00 2:28
John Carlson 0 0 0 -1 2 2 0 1 2 0 0/0 19:23 0:17 4:15
Jonathan Drouin 0 0 0 0 0 4 3 0 0 0 0/0 17:20 0:31 0:48
Lawson Crouse 0 0 0 0 2 0 4 0 0 0 0/0 22:08 0:31 5:30
Max Friberg 0 0 0 1 0 0 1 0 0 0 0/0 10:50 0:00 0:00
Miro Heiskanen 0 0 0 1 0 2 0 1 0 0 0/0 16:00 1:03 2:12
Nico Hischier 0 1 1 0 0 1 0 0 1 0 4/8 13:52 0:49 1:11
Rasmus Ristolainen 1 2 3 0 0 6 4 2 1 2 0/0 28:04 1:03 6:31
Shayne Gostisbehere 0 0 0 -1 0 0 1 1 2 0 0/0 20:06 0:17 5:02
Teemu Hartikainen 0 0 0 -1 2 1 0 0 0 0 0/0 7:04 0:00 0:00
3 Stars
1 - Rasmus Ristolainen (T.B)
2 - Alex Nedeljkovic (T.B)
3 - Anthony Cirelli (T.B)
Power Play
Stars - 0 on 6 Attempt(s) - 0.00%
Lightning - 2 on 2 Attempt(s) - 100.00%
Penalty Kill
Stars - 0 on 2 Attempt(s) - 0.00%
- Score 0 goal in Penalty Kill
Lightning - 6 on 6 Attempt(s) - 100.00%
- Score 0 goal in Penalty Kill
Team Stat
Stars - Hits : 15 - Faceoff Wins : 30 - Blocked Shots : 13 - Penalty Minutes : 4
Lightning - Hits : 24 - Faceoff Wins : 30 - Blocked Shots : 7 - Penalty Minutes : 12
Official
Referees : Dan O'Rourke and Frederick L'Ecuyer
Linesman : Shandor Alphonso and Julien Fournier
Game Notes
No Game Note
Finance
Level 1 -- Attendance: 6000 (100.00%) -- Ticket Income $600,000
Level 2 -- Attendance: 4459 (89.18%) -- Ticket Income $312,130
Level 3 -- Attendance: 1886 (94.30%) -- Ticket Income $75,440
Level 4 -- Attendance: 4000 (100.00%) -- Ticket Income $120,000
Luxury Box -- Attendance: 1000 (100.00%) -- Ticket Income $200,000
Game was played at the Amalie Arena.
Total Attendance: 17345 (96.36%)
Total Ticket Income: $1,307,570
Other Income: $196,136
Total Income: $1,503,706
Stars
5 vs 5 Forward
Center Left Wing Right Wing Time % Phy DF OF
1 Sidney Crosby Jake Guentzel Michael Grabner 40 1 2 2
2 Evgeny Grachev Guillaume Latendresse Alex Chiasson 30 1 2 2
3 Evgeny Kuznetsov Tobias Rieder Cam Atkinson 20 1 2 2
4 Henrik Borgstrom Adam Tambellini Scott Kosmachuck 10 1 2 2
5 vs 5 Defense
Defense Defense Time % Phy DF OF
1 Andrej Sustr Paul Ladue 40 1 2 2
2 Ben Chiarot Tyler Wotherspoon 30 1 2 2
3 Anton Cederholm Brian Lee 20 1 2 2
4 Andrej Sustr Paul Ladue 10 1 2 2
PowerPlay Forward
Center Left Wing Right Wing Time % Phy DF OF
1 Sidney Crosby Jake Guentzel Michael Grabner 60 0 2 3
2 Evgeny Grachev Guillaume Latendresse Alex Chiasson 40 0 2 3
PowerPlay Defense
Defense Defense Time % Phy DF OF
1 Andrej Sustr Paul Ladue 60 1 2 2
2 Ben Chiarot Tyler Wotherspoon 40 1 2 2
Penalty Kill 4 Players Forward
Center Wing Time % Phy DF OF
1 Sidney Crosby Jake Guentzel 60 1 2 2
2 Evgeny Grachev Guillaume Latendresse 40 1 2 2
Penalty Kill 4 Players Defense
Defense Defense Time % Phy DF OF
1 Andrej Sustr Paul Ladue 60 0 3 2
2 Ben Chiarot Tyler Wotherspoon 40 0 3 2
Penalty Kill - 3 Players Forward
Forward Time % Phy DF OF
1 Sidney Crosby 60 1 2 2
2 Evgeny Grachev 40 1 2 2
Penalty Kill - 3 Players Defense
Defense Defense Time % Phy DF OF
1 Andrej Sustr Paul Ladue 60 0 3 2
2 Ben Chiarot Tyler Wotherspoon 40 0 3 2
4 vs 4 Forward
Center Wing Time % Phy DF OF
1 Sidney Crosby Jake Guentzel 60 0 2 3
2 Evgeny Grachev Guillaume Latendresse 40 0 2 3
4 vs 4 Defense
Defense Defense Time % Phy DF OF
1 Andrej Sustr Paul Ladue 60 1 2 2
2 Ben Chiarot Tyler Wotherspoon 40 1 2 2
Last Minutes Offensive
Center Left Wing Right Wing Defense Defense
Sidney Crosby Jake Guentzel Michael Grabner Andrej Sustr Paul Ladue
Last Minutes Defensive
Center Left Wing Right Wing Defense Defense
Sidney Crosby Jake Guentzel Michael Grabner Andrej Sustr Paul Ladue
Goaltenders
Starting : Matt Murray
Backup : Michael Houser
Extra Forwards
Normal : Alex Chiasson, Tobias Rieder, Evgeny Grachev - PP : Alex Chiasson, Tobias Rieder - PK : Alex Chiasson
Extra Defensemen
Normal : Tyler Wotherspoon, Anton Cederholm, Brian Lee - PP : Tyler Wotherspoon - PK : Tyler Wotherspoon, Anton Cederholm
Penalty Shots
Sidney Crosby, Jake Guentzel, Michael Grabner, Guillaume Latendresse, Alex Chiasson
Custom OT Lines Forwards
Sidney Crosby, Jake Guentzel, Michael Grabner, Guillaume Latendresse, Alex Chiasson, Tobias Rieder, Evgeny Grachev, Cam Atkinson, Scott Kosmachuck, Evgeny Kuznetsov
Custom OT Lines Defensemen
Andrej Sustr, Paul Ladue, Ben Chiarot, Tyler Wotherspoon, Anton Cederholm
Scratches
Wiley Sherman (Healthy)
Lightning
5 vs 5 Forward
Center Left Wing Right Wing Time % Phy DF OF
1 Alexander Kerfoot Jonathan Drouin Lawson Crouse 40 1 2 2
2 Nico Hischier Anthony Cirelli Alex DeBrincat 30 1 2 2
3 Anze Kopitar Brandon Hagel Max Friberg 20 1 2 2
4 Cory Emmerton Teemu Hartikainen Jesper Fast 10 1 2 2
5 vs 5 Defense
Defense Defense Time % Phy DF OF
1 Rasmus Ristolainen Jeff Schultz 40 1 2 2
2 John Carlson Shayne Gostisbehere 30 1 2 2
3 Ben Hutton Miro Heiskanen 20 1 2 2
4 Rasmus Ristolainen Miro Heiskanen 10 1 2 2
PowerPlay Forward
Center Left Wing Right Wing Time % Phy DF OF
1 Alexander Kerfoot Jonathan Drouin Lawson Crouse 60 1 2 2
2 Nico Hischier Anthony Cirelli Alex DeBrincat 40 1 2 2
PowerPlay Defense
Defense Defense Time % Phy DF OF
1 Rasmus Ristolainen Miro Heiskanen 60 1 2 2
2 John Carlson Shayne Gostisbehere 40 1 2 2
Penalty Kill 4 Players Forward
Center Wing Time % Phy DF OF
1 Alexander Kerfoot Lawson Crouse 60 1 2 2
2 Anze Kopitar Anthony Cirelli 40 1 2 2
Penalty Kill 4 Players Defense
Defense Defense Time % Phy DF OF
1 Rasmus Ristolainen Jeff Schultz 60 1 2 2
2 John Carlson Shayne Gostisbehere 40 1 2 2
Penalty Kill - 3 Players Forward
Forward Time % Phy DF OF
1 Alexander Kerfoot 60 1 2 2
2 Anthony Cirelli 40 1 2 2
Penalty Kill - 3 Players Defense
Defense Defense Time % Phy DF OF
1 Rasmus Ristolainen Jeff Schultz 60 1 2 2
2 John Carlson Shayne Gostisbehere 40 1 2 2
4 vs 4 Forward
Center Wing Time % Phy DF OF
1 Alexander Kerfoot Lawson Crouse 60 1 2 2
2 Nico Hischier Anthony Cirelli 40 1 2 2
4 vs 4 Defense
Defense Defense Time % Phy DF OF
1 Rasmus Ristolainen Jeff Schultz 60 1 2 2
2 John Carlson Shayne Gostisbehere 40 1 2 2
Last Minutes Offensive
Center Left Wing Right Wing Defense Defense
Anze Kopitar Jonathan Drouin Lawson Crouse Rasmus Ristolainen Jeff Schultz
Last Minutes Defensive
Center Left Wing Right Wing Defense Defense
Anze Kopitar Jonathan Drouin Lawson Crouse Rasmus Ristolainen Jeff Schultz
Goaltenders
Starting : Alex Nedeljkovic
Backup : Anton Forsberg
Extra Forwards
Normal : Cory Emmerton, Max Friberg, Jesper Fast - PP : Cory Emmerton, Max Friberg - PK : Jesper Fast
Extra Defensemen
Normal : Ben Hutton, Miro Heiskanen, John Carlson - PP : Ben Hutton - PK : Miro Heiskanen, John Carlson
Penalty Shots
Lawson Crouse, Anze Kopitar, Alexander Kerfoot, Jonathan Drouin, Alex DeBrincat
Custom OT Lines Forwards
Lawson Crouse, Anze Kopitar, Alexander Kerfoot, Jonathan Drouin, Alex DeBrincat, Anthony Cirelli, Nico Hischier, Brandon Hagel, Cory Emmerton, Jesper Fast
Custom OT Lines Defensemen
Rasmus Ristolainen, Jeff Schultz, John Carlson, Shayne Gostisbehere, Ben Hutton
Scratches
Brendan Perlini (Healthy), Dalton Thrower (Healthy), Daultan Leveillé (Healthy)
% Time on Ice - Stars
Lines # - Real PCT - Wanted PCT - Time Play
Normal Forward
1 - 31% - 40% - 14:24
2 - 26% - 30% - 12:16
3 - 25% - 20% - 11:34
4 - 18% - 10% - 8:32
Normal Defense
1 - 40% - 40% - 18:36
2 - 34% - 30% - 15:48
3 - 24% - 20% - 11:21
4 - 2% - 10% - 1:01
PP Forward
1 - 54% - 60% - 6:26
2 - 46% - 40% - 5:28
PP Defense
1 - 62% - 60% - 7:22
2 - 38% - 40% - 4:32
PK Forward
1 - 84% - 60% - 1:07
2 - 16% - 40% - 0:13
PK Defense
1 - 55% - 60% - 0:44
2 - 45% - 40% - 0:36
PK3 Forward
1 - 0% - 60%
2 - 0% - 40%
PK3 Defense
1 - 0% - 60%
2 - 0% - 40%
44 Forward
1 - 0% - 60%
2 - 0% - 40%
44 Defense
1 - 0% - 60%
2 - 0% - 40%
Last Minute Offensive - 0:00
Last Minute Defensive - 0:00
Total
Forward - 60:00
Defense - 60:00
|
% Time on Ice - Lightning
Lines # - Real PCT - Wanted PCT - Time Play
Normal Forward
1 - 37% - 40% - 17:17
2 - 25% - 30% - 11:51
3 - 23% - 20% - 10:41
4 - 15% - 10% - 6:57
Normal Defense
1 - 42% - 40% - 19:33
2 - 32% - 30% - 14:47
3 - 24% - 20% - 11:10
4 - 3% - 10% - 1:16
PP Forward
1 - 39% - 60% - 0:31
2 - 61% - 40% - 0:49
PP Defense
1 - 79% - 60% - 1:03
2 - 21% - 40% - 0:17
PK Forward
1 - 74% - 60% - 8:49
2 - 26% - 40% - 3:05
PK Defense
1 - 58% - 60% - 6:52
2 - 42% - 40% - 5:02
PK3 Forward
1 - 0% - 60%
2 - 0% - 40%
PK3 Defense
1 - 0% - 60%
2 - 0% - 40%
44 Forward
1 - 0% - 60%
2 - 0% - 40%
44 Defense
1 - 0% - 60%
2 - 0% - 40%
Last Minute Offensive - 0:00
Last Minute Defensive - 0:00
Total
Forward - 60:00
Defense - 60:00
|
Play-by-Play
1st period
0:01 of 1st period - Alexander Kerfoot wins face-off versus Sidney Crosby in neutral zone.
0:18 of 1st period - Andrej Sustr is hit by Rasmus Ristolainen and loses puck.
0:43 of 1st period - Wrist shot by Guillaume Latendresse.
0:43 of 1st period - Stopped by Alex Nedeljkovic with a rebound.
0:53 of 1st period - Tobias Rieder is hit by Max Friberg.
1:07 of 1st period - Slapshot by Rasmus Ristolainen.
1:07 of 1st period - Shot Blocked by Tobias Rieder.
1:19 of 1st period - Wrist shot by Scott Kosmachuck.
1:19 of 1st period - Stopped by Alex Nedeljkovic without a rebound.
1:20 of 1st period - Henrik Borgstrom wins face-off versus Cory Emmerton in Lightning zone.
1:21 of 1st period - Snap shot by Scott Kosmachuck.
1:21 of 1st period - Stopped by Alex Nedeljkovic without a rebound.
1:22 of 1st period - Alexander Kerfoot wins face-off versus Henrik Borgstrom in Lightning zone.
1:33 of 1st period - Anton Cederholm is hit by Jonathan Drouin and loses puck.
1:53 of 1st period - Wrist shot by Jake Guentzel.
1:53 of 1st period - Shot Misses the Net.
2:33 of 1st period - Wrist shot by Evgeny Kuznetsov.
2:33 of 1st period - Stopped by Alex Nedeljkovic without a rebound.
2:34 of 1st period - Cory Emmerton wins face-off versus Sidney Crosby in Lightning zone.
3:05 of 1st period - Snap shot by Evgeny Grachev.
3:05 of 1st period - Stopped by Alex Nedeljkovic with a rebound.
3:35 of 1st period - Wrist shot by Alex Chiasson.
3:35 of 1st period - Stopped by Alex Nedeljkovic without a rebound.
3:36 of 1st period - Sidney Crosby wins face-off versus Alexander Kerfoot in Lightning zone.
4:25 of 1st period - Minor Penalty to Anze Kopitar for Slashing.
4:26 of 1st period - Alexander Kerfoot wins face-off versus Sidney Crosby in Lightning zone.
4:39 of 1st period - Backhand shot by Jake Guentzel.
4:39 of 1st period - Shot Misses the Net.
4:41 of 1st period - Snap shot by Sidney Crosby.
4:41 of 1st period - Stopped by Alex Nedeljkovic with a rebound.
4:43 of 1st period - Slapshot by Sidney Crosby.
4:43 of 1st period - Deflect By Rasmus Ristolainen.
4:43 of 1st period - Shot Misses the Net.
4:43 of 1st period - Puck is out of play.
4:44 of 1st period - Alexander Kerfoot wins face-off versus Evgeny Grachev in Lightning zone.
5:19 of 1st period - Wrist shot by Sidney Crosby.
5:19 of 1st period - Stopped by Alex Nedeljkovic with a rebound.
6:25 of 1st period - Penalty to Anze Kopitar is over, Anze Kopitar is back on ice.
6:37 of 1st period - Snap shot by Rasmus Ristolainen.
6:37 of 1st period - Shot Misses the Net.
6:49 of 1st period - Anze Kopitar is hit by Cam Atkinson and loses puck.
7:20 of 1st period - Snap shot by Anze Kopitar.
7:20 of 1st period - Shot Hit the Post.
7:22 of 1st period - Wrist shot by Anze Kopitar.
7:22 of 1st period - Deflect By Tobias Rieder.
7:22 of 1st period - Shot Blocked by Cam Atkinson.
7:22 of 1st period - Puck is out of play.
7:23 of 1st period - Sidney Crosby wins face-off versus Alexander Kerfoot in Stars zone.
7:23 of 1st period - Sidney Crosby is hit by Lawson Crouse.
7:38 of 1st period - Minor Penalty to John Carlson for Holding.
7:39 of 1st period - Sidney Crosby wins face-off versus Alexander Kerfoot in Lightning zone.
7:55 of 1st period - Wrist shot by Jake Guentzel.
7:55 of 1st period - Stopped by Alex Nedeljkovic with a rebound.
8:11 of 1st period - Slapshot by Andrej Sustr.
8:11 of 1st period - Stopped by Alex Nedeljkovic without a rebound.
8:12 of 1st period - Alexander Kerfoot wins face-off versus Sidney Crosby in Lightning zone.
8:31 of 1st period - Wrist shot by Anthony Cirelli.
8:31 of 1st period - Stopped by Matt Murray with a rebound.
8:39 of 1st period - Anze Kopitar is hit by Ben Chiarot and loses puck.
9:38 of 1st period - Penalty to John Carlson is over, John Carlson is back on ice.
9:51 of 1st period - Henrik Borgstrom is hit by Cory Emmerton and loses puck.
10:04 of 1st period - Adam Tambellini is hit by Anthony Cirelli and loses puck.
10:20 of 1st period - Minor Penalty to Jeff Schultz for Delaying the game.
10:21 of 1st period - Sidney Crosby wins face-off versus Alexander Kerfoot in Lightning zone.
10:37 of 1st period - Wrist shot by Alexander Kerfoot.
10:37 of 1st period - Stopped by Matt Murray with a rebound.
11:30 of 1st period - Icing by Ben Chiarot.
11:31 of 1st period - Sidney Crosby wins face-off versus Alexander Kerfoot in Stars zone.
12:04 of 1st period - Alex Chiasson is hit by Lawson Crouse and loses puck.
12:20 of 1st period - Penalty to Jeff Schultz is over, Jeff Schultz is back on ice.
12:35 of 1st period - Wrist shot by Cory Emmerton.
12:35 of 1st period - Shot Blocked by Tyler Wotherspoon.
12:55 of 1st period - Snap shot by Scott Kosmachuck.
12:55 of 1st period - Shot Blocked by Shayne Gostisbehere.
13:41 of 1st period - Brian Lee is hit by Shayne Gostisbehere and loses puck.
13:48 of 1st period - Snap shot by Cory Emmerton.
13:48 of 1st period - Stopped by Matt Murray without a rebound.
13:49 of 1st period - Sidney Crosby wins face-off versus Nico Hischier in Stars zone.
13:49 of 1st period - Sidney Crosby is hit by Anthony Cirelli.
14:15 of 1st period - Michael Grabner is hit by Anze Kopitar and loses puck.
14:41 of 1st period - Off-side.
14:42 of 1st period - Alexander Kerfoot wins face-off versus Evgeny Grachev in neutral zone.
14:45 of 1st period - Slapshot by Jeff Schultz.
14:45 of 1st period - Stopped by Matt Murray with a rebound.
14:48 of 1st period - Icing by Tyler Wotherspoon.
14:49 of 1st period - Evgeny Grachev wins face-off versus Alexander Kerfoot in Stars zone.
15:02 of 1st period - Slapshot by Rasmus Ristolainen.
15:02 of 1st period - Deflect By Jonathan Drouin.
15:02 of 1st period - Shot Misses the Net.
15:02 of 1st period - Puck is out of play.
15:03 of 1st period - Alexander Kerfoot wins face-off versus Michael Grabner in Stars zone.
15:08 of 1st period - Wrist shot by Alexander Kerfoot.
15:08 of 1st period - Stopped by Matt Murray with a rebound.
15:18 of 1st period - Wrist shot by Michael Grabner.
15:18 of 1st period - Shot Hit the Post.
15:20 of 1st period - Snap shot by Jake Guentzel.
15:20 of 1st period - Deflect By Alexander Kerfoot.
15:20 of 1st period - Stopped by Alex Nedeljkovic with a rebound.
15:30 of 1st period - Guillaume Latendresse is hit by Alex DeBrincat and loses puck.
16:01 of 1st period - Snap shot by Brandon Hagel.
16:01 of 1st period - Shot Misses the Net.
16:03 of 1st period - Slapshot by Ben Hutton.
16:03 of 1st period - Shot Misses the Net.
16:05 of 1st period - Slapshot by Miro Heiskanen.
16:05 of 1st period - Stopped by Matt Murray with a rebound.
16:22 of 1st period - Slapshot by John Carlson.
16:22 of 1st period - Stopped by Matt Murray without a rebound.
16:23 of 1st period - Sidney Crosby wins face-off versus Alexander Kerfoot in Stars zone.
16:23 of 1st period - Sidney Crosby is hit by Lawson Crouse.
16:50 of 1st period - Snap shot by Anthony Cirelli.
16:50 of 1st period - Shot Misses the Net.
16:52 of 1st period - Snap shot by Nico Hischier.
16:52 of 1st period - Shot Misses the Net.
16:56 of 1st period - Snap shot by Anthony Cirelli.
16:56 of 1st period - Shot Misses the Net.
16:58 of 1st period - Wrist shot by Anthony Cirelli.
16:58 of 1st period - Stopped by Matt Murray with a rebound.
17:14 of 1st period - Slapshot by Andrej Sustr.
17:14 of 1st period - Stopped by Alex Nedeljkovic without a rebound.
17:15 of 1st period - Anze Kopitar wins face-off versus Henrik Borgstrom in Lightning zone.
17:43 of 1st period - Off-side.
17:44 of 1st period - Jake Guentzel wins face-off versus Alexander Kerfoot in neutral zone.
17:47 of 1st period - Snap shot by Jake Guentzel.
17:47 of 1st period - Shot Misses the Net.
17:51 of 1st period - Snap shot by Jake Guentzel.
17:51 of 1st period - Shot Blocked by Alexander Kerfoot.
17:53 of 1st period - Wrist shot by Michael Grabner.
17:53 of 1st period - Shot Blocked by Miro Heiskanen.
17:55 of 1st period - Snap shot by Sidney Crosby.
17:55 of 1st period - Stopped by Alex Nedeljkovic without a rebound.
17:56 of 1st period - Sidney Crosby wins face-off versus Alexander Kerfoot in Lightning zone.
18:30 of 1st period - Snap shot by Sidney Crosby.
18:30 of 1st period - Shot Misses the Net.
18:36 of 1st period - Jake Guentzel is hit by Rasmus Ristolainen and loses puck.
19:41 of 1st period - Snap shot by Scott Kosmachuck.
19:41 of 1st period - Stopped by Alex Nedeljkovic without a rebound.
19:42 of 1st period - Nico Hischier wins face-off versus Evgeny Grachev in Lightning zone.
Goals for this period are 0 for Stars vs 0 for Lightning.
Shots for this period are 14 for Stars vs 8 for Lightning.
2nd period
0:01 of 2nd period - Alexander Kerfoot wins face-off versus Sidney Crosby in neutral zone.
0:04 of 2nd period - Michael Grabner is hit by Jonathan Drouin and loses puck.
0:31 of 2nd period - Backhand shot by Nico Hischier.
0:31 of 2nd period - Shot Blocked by Alex Chiasson.
1:09 of 2nd period - Jeff Schultz is hit by Anton Cederholm.
2:06 of 2nd period - Alex DeBrincat is hit by Evgeny Grachev and loses puck.
2:37 of 2nd period - John Carlson is hit by Tyler Wotherspoon and loses puck.
2:42 of 2nd period - Snap shot by Evgeny Kuznetsov.
2:42 of 2nd period - Shot Misses the Net.
2:44 of 2nd period - Snap shot by Evgeny Kuznetsov.
2:44 of 2nd period - Shot Misses the Net.
2:46 of 2nd period - Snap shot by Evgeny Kuznetsov.
2:46 of 2nd period - Shot Misses the Net.
2:48 of 2nd period - Slapshot by Anton Cederholm.
2:48 of 2nd period - Shot Blocked by John Carlson.
3:31 of 2nd period - Evgeny Grachev is hit by Lawson Crouse and loses puck.
4:01 of 2nd period - Off-side.
4:02 of 2nd period - Evgeny Kuznetsov wins face-off versus Anze Kopitar in neutral zone.
5:40 of 2nd period - Snap shot by Anthony Cirelli.
5:40 of 2nd period - Stopped by Matt Murray without a rebound.
5:41 of 2nd period - Sidney Crosby wins face-off versus Nico Hischier in Stars zone.
5:41 of 2nd period - Sidney Crosby is hit by Alex DeBrincat.
5:44 of 2nd period - Minor Penalty to Brian Lee for Hooking.
5:45 of 2nd period - Sidney Crosby wins face-off versus Nico Hischier in Stars zone.
5:57 of 2nd period - Slapshot by Rasmus Ristolainen.
5:57 of 2nd period - Deflect By Anthony Cirelli.
5:57 of 2nd period - Goal by Anthony Cirelli - Stars : 0 - Lightning : 1.
5:58 of 2nd period - Alexander Kerfoot wins face-off versus Sidney Crosby in neutral zone.
6:03 of 2nd period - Slapshot by Rasmus Ristolainen.
6:03 of 2nd period - Shot Blocked by Paul Ladue.
6:56 of 2nd period - Snap shot by Anthony Cirelli.
6:56 of 2nd period - Stopped by Matt Murray without a rebound.
6:57 of 2nd period - Sidney Crosby wins face-off versus Alexander Kerfoot in Stars zone.
6:57 of 2nd period - Sidney Crosby is hit by Jonathan Drouin.
8:21 of 2nd period - Minor Penalty to Michael Grabner for High sticking.
8:22 of 2nd period - Alexander Kerfoot wins face-off versus Sidney Crosby in Stars zone.
8:23 of 2nd period - Wrist shot by Lawson Crouse.
8:23 of 2nd period - Shot Misses the Net.
8:37 of 2nd period - Slapshot by Rasmus Ristolainen.
8:37 of 2nd period - Stopped by Matt Murray with a rebound.
8:55 of 2nd period - Wrist shot by Anthony Cirelli.
8:55 of 2nd period - Shot Misses the Net.
8:57 of 2nd period - Slapshot by Miro Heiskanen.
8:57 of 2nd period - Stopped by Matt Murray without a rebound.
8:58 of 2nd period - Alexander Kerfoot wins face-off versus Sidney Crosby in Stars zone.
9:14 of 2nd period - Off-side.
9:15 of 2nd period - Nico Hischier wins face-off versus Evgeny Grachev in neutral zone.
9:28 of 2nd period - Slapshot by Rasmus Ristolainen.
9:28 of 2nd period - Goal by Rasmus Ristolainen - Stars : 0 - Lightning : 2.
9:29 of 2nd period - Alexander Kerfoot wins face-off versus Sidney Crosby in neutral zone.
10:31 of 2nd period - Minor Penalty to Teemu Hartikainen for Interference.
10:32 of 2nd period - Sidney Crosby wins face-off versus Alexander Kerfoot in Lightning zone.
10:33 of 2nd period - Wrist shot by Michael Grabner.
10:33 of 2nd period - Shot Blocked by Rasmus Ristolainen.
10:35 of 2nd period - Slapshot by Jake Guentzel.
10:35 of 2nd period - Stopped by Alex Nedeljkovic without a rebound.
10:36 of 2nd period - Jake Guentzel wins face-off versus Alexander Kerfoot in Lightning zone.
10:49 of 2nd period - Snap shot by Jake Guentzel.
10:49 of 2nd period - Shot Misses the Net.
10:51 of 2nd period - Snap shot by Sidney Crosby.
10:51 of 2nd period - Stopped by Alex Nedeljkovic without a rebound.
10:52 of 2nd period - Sidney Crosby wins face-off versus Alexander Kerfoot in Lightning zone.
11:50 of 2nd period - Shayne Gostisbehere is hit by Jake Guentzel and loses puck.
12:25 of 2nd period - Jesper Fast is hit by Andrej Sustr and loses puck.
12:31 of 2nd period - Penalty to Teemu Hartikainen is over, Teemu Hartikainen is back on ice.
12:44 of 2nd period - Slapshot by Anze Kopitar.
12:44 of 2nd period - Stopped by Matt Murray with a rebound.
12:46 of 2nd period - Slapshot by Ben Hutton.
12:46 of 2nd period - Stopped by Matt Murray with a rebound.
12:48 of 2nd period - Snap shot by Anze Kopitar.
12:48 of 2nd period - Goal by Anze Kopitar - Stars : 0 - Lightning : 3.
12:49 of 2nd period - Nico Hischier wins face-off versus Sidney Crosby in neutral zone.
12:58 of 2nd period - Anthony Cirelli is hit by Sidney Crosby and loses puck.
13:15 of 2nd period - Tyler Wotherspoon is hit by Jeff Schultz and loses puck.
13:48 of 2nd period - Snap shot by Max Friberg.
13:48 of 2nd period - Shot Misses the Net.
14:20 of 2nd period - Wrist shot by Henrik Borgstrom.
14:20 of 2nd period - Deflect By Adam Tambellini.
14:20 of 2nd period - Shot Misses the Net.
14:20 of 2nd period - Puck is out of play.
14:21 of 2nd period - Alex DeBrincat wins face-off versus Henrik Borgstrom in Lightning zone.
14:28 of 2nd period - Wrist shot by Scott Kosmachuck.
14:28 of 2nd period - Stopped by Alex Nedeljkovic with a rebound.
14:36 of 2nd period - Slapshot by Adam Tambellini.
14:36 of 2nd period - Shot Misses the Net.
15:54 of 2nd period - Backhand shot by Scott Kosmachuck.
15:54 of 2nd period - Stopped by Alex Nedeljkovic without a rebound.
15:55 of 2nd period - Cory Emmerton wins face-off versus Henrik Borgstrom in Lightning zone.
16:12 of 2nd period - John Carlson is hit by Henrik Borgstrom and loses puck.
16:17 of 2nd period - Snap shot by Scott Kosmachuck.
16:17 of 2nd period - Goal by Scott Kosmachuck - Stars : 1 - Lightning : 3.
16:18 of 2nd period - Alexander Kerfoot wins face-off versus Sidney Crosby in neutral zone.
16:29 of 2nd period - Michael Grabner is hit by Alexander Kerfoot and loses puck.
18:19 of 2nd period - Snap shot by Cam Atkinson.
18:19 of 2nd period - Shot Misses the Net.
18:29 of 2nd period - Evgeny Grachev is hit by Rasmus Ristolainen and loses puck.
19:30 of 2nd period - Anton Cederholm is hit by Anze Kopitar and loses puck.
19:55 of 2nd period - Snap shot by Cam Atkinson.
19:55 of 2nd period - Stopped by Alex Nedeljkovic without a rebound.
19:56 of 2nd period - Michael Grabner wins face-off versus Alexander Kerfoot in Lightning zone.
Goals for this period are 1 for Stars vs 3 for Lightning.
Shots for this period are 6 for Stars vs 9 for Lightning.
3rd period
0:01 of 3rd period - Sidney Crosby wins face-off versus Alexander Kerfoot in neutral zone.
0:04 of 3rd period - Jeff Schultz is hit by Michael Grabner and loses puck.
0:35 of 3rd period - Snap shot by Cam Atkinson.
0:35 of 3rd period - Shot Blocked by Alexander Kerfoot.
0:55 of 3rd period - Slapshot by Rasmus Ristolainen.
0:55 of 3rd period - Deflect By Alex Chiasson.
0:55 of 3rd period - Stopped by Matt Murray without a rebound.
0:56 of 3rd period - Michael Grabner wins face-off versus Nico Hischier in Stars zone.
1:37 of 3rd period - Wrist shot by Nico Hischier.
1:37 of 3rd period - Shot Blocked by Evgeny Grachev.
1:39 of 3rd period - Slapshot by Miro Heiskanen.
1:39 of 3rd period - Deflect By Anthony Cirelli.
1:39 of 3rd period - Shot Blocked by Andrej Sustr.
1:39 of 3rd period - Puck is out of play.
1:40 of 3rd period - Alexander Kerfoot wins face-off versus Sidney Crosby in Stars zone.
1:41 of 3rd period - Slapshot by Jonathan Drouin.
1:41 of 3rd period - Stopped by Matt Murray with a rebound.
1:43 of 3rd period - Snap shot by Lawson Crouse.
1:43 of 3rd period - Deflect By Jonathan Drouin.
1:43 of 3rd period - Shot Blocked by Jake Guentzel.
1:43 of 3rd period - Puck is out of play.
1:44 of 3rd period - Alexander Kerfoot wins face-off versus Sidney Crosby in Stars zone.
1:55 of 3rd period - Snap shot by Jonathan Drouin.
1:55 of 3rd period - Stopped by Matt Murray without a rebound.
1:56 of 3rd period - Michael Grabner wins face-off versus Alexander Kerfoot in Stars zone.
2:03 of 3rd period - Slapshot by Andrej Sustr.
2:03 of 3rd period - Stopped by Alex Nedeljkovic with a rebound.
2:05 of 3rd period - Slapshot by Jake Guentzel.
2:05 of 3rd period - Stopped by Alex Nedeljkovic with a rebound.
2:09 of 3rd period - Snap shot by Jake Guentzel.
2:09 of 3rd period - Stopped by Alex Nedeljkovic with a rebound.
2:11 of 3rd period - Wrist shot by Sidney Crosby.
2:11 of 3rd period - Stopped by Alex Nedeljkovic without a rebound.
2:12 of 3rd period - Nico Hischier wins face-off versus Guillaume Latendresse in Lightning zone.
2:14 of 3rd period - Minor Penalty to Alex DeBrincat for Holding.
2:15 of 3rd period - Sidney Crosby wins face-off versus Alexander Kerfoot in Lightning zone.
2:17 of 3rd period - Snap shot by Sidney Crosby.
2:17 of 3rd period - Shot Blocked by Rasmus Ristolainen.
2:29 of 3rd period - Snap shot by Jake Guentzel.
2:29 of 3rd period - Shot Misses the Net.
2:31 of 3rd period - Wrist shot by Jake Guentzel.
2:31 of 3rd period - Shot Misses the Net.
3:53 of 3rd period - Ben Chiarot is hit by Anthony Cirelli and loses puck.
4:14 of 3rd period - Penalty to Alex DeBrincat is over, Alex DeBrincat is back on ice.
4:27 of 3rd period - Anze Kopitar is hit by Andrej Sustr and loses puck.
4:46 of 3rd period - Anton Cederholm is hit by Jesper Fast and loses puck.
4:53 of 3rd period - Teemu Hartikainen is hit by Scott Kosmachuck and loses puck.
6:39 of 3rd period - Shayne Gostisbehere is hit by Ben Chiarot and loses puck.
8:01 of 3rd period - Alex Chiasson is hit by Rasmus Ristolainen and loses puck.
8:43 of 3rd period - Wrist shot by Alexander Kerfoot.
8:43 of 3rd period - Stopped by Matt Murray without a rebound.
8:44 of 3rd period - Sidney Crosby wins face-off versus Alexander Kerfoot in Stars zone.
8:51 of 3rd period - Miro Heiskanen is hit by Michael Grabner and loses puck.
9:31 of 3rd period - Snap shot by Anze Kopitar.
9:31 of 3rd period - Shot Misses the Net.
9:33 of 3rd period - Snap shot by Anze Kopitar.
9:33 of 3rd period - Stopped by Matt Murray with a rebound.
10:17 of 3rd period - Icing by Tyler Wotherspoon.
10:18 of 3rd period - Alexander Kerfoot wins face-off versus Adam Tambellini in Stars zone.
10:31 of 3rd period - Slapshot by Rasmus Ristolainen.
10:31 of 3rd period - Deflect By Jonathan Drouin.
10:31 of 3rd period - Stopped by Matt Murray with a rebound.
11:12 of 3rd period - Off-side.
11:13 of 3rd period - Alex DeBrincat wins face-off versus Sidney Crosby in neutral zone.
11:26 of 3rd period - Snap shot by Sidney Crosby.
11:26 of 3rd period - Stopped by Alex Nedeljkovic with a rebound.
11:28 of 3rd period - Slapshot by Ben Chiarot.
11:28 of 3rd period - Deflect By Sidney Crosby.
11:28 of 3rd period - Shot Misses the Net.
11:28 of 3rd period - Puck is out of play.
11:29 of 3rd period - Evgeny Grachev wins face-off versus Anze Kopitar in Lightning zone.
11:32 of 3rd period - Slapshot by Evgeny Grachev.
11:32 of 3rd period - Deflect By Alex Chiasson.
11:32 of 3rd period - Stopped by Alex Nedeljkovic without a rebound.
11:33 of 3rd period - Anze Kopitar wins face-off versus Evgeny Grachev in Lightning zone.
11:42 of 3rd period - Snap shot by Alex Chiasson.
11:42 of 3rd period - Deflect By Guillaume Latendresse.
11:42 of 3rd period - Stopped by Alex Nedeljkovic with a rebound.
11:44 of 3rd period - Snap shot by Alex Chiasson.
11:44 of 3rd period - Stopped by Alex Nedeljkovic without a rebound.
11:45 of 3rd period - Sidney Crosby wins face-off versus Alexander Kerfoot in Lightning zone.
12:05 of 3rd period - Minor Penalty to Lawson Crouse for Goalie Interference.
12:06 of 3rd period - Sidney Crosby wins face-off versus Alexander Kerfoot in Lightning zone.
12:20 of 3rd period - Slapshot by Rasmus Ristolainen.
12:20 of 3rd period - Shot Blocked by Paul Ladue.
14:05 of 3rd period - Penalty to Lawson Crouse is over, Lawson Crouse is back on ice.
14:21 of 3rd period - Wrist shot by Alexander Kerfoot.
14:21 of 3rd period - Shot Blocked by Evgeny Kuznetsov.
14:23 of 3rd period - Wrist shot by Rasmus Ristolainen.
14:23 of 3rd period - Stopped by Matt Murray without a rebound.
14:24 of 3rd period - Adam Tambellini wins face-off versus Anze Kopitar in Stars zone.
14:32 of 3rd period - Wrist shot by Ben Hutton.
14:32 of 3rd period - Stopped by Matt Murray without a rebound.
14:33 of 3rd period - Henrik Borgstrom wins face-off versus Anze Kopitar in Stars zone.
14:48 of 3rd period - Snap shot by Adam Tambellini.
14:48 of 3rd period - Stopped by Alex Nedeljkovic with a rebound.
14:58 of 3rd period - Slapshot by Max Friberg.
14:58 of 3rd period - Shot Misses the Net.
15:00 of 3rd period - Wrist shot by Anze Kopitar.
15:00 of 3rd period - Shot Misses the Net.
15:04 of 3rd period - Backhand shot by Anze Kopitar.
15:04 of 3rd period - Deflect By Adam Tambellini.
15:04 of 3rd period - Shot Misses the Net.
15:04 of 3rd period - Puck is out of play.
15:05 of 3rd period - Alexander Kerfoot wins face-off versus Sidney Crosby in Stars zone.
15:34 of 3rd period - Snap shot by Nico Hischier.
15:34 of 3rd period - Stopped by Matt Murray with a rebound.
17:00 of 3rd period - Wrist shot by Teemu Hartikainen.
17:00 of 3rd period - Stopped by Matt Murray with a rebound.
17:16 of 3rd period - Snap shot by Alexander Kerfoot.
17:16 of 3rd period - Shot Blocked by Paul Ladue.
17:18 of 3rd period - Slapshot by John Carlson.
17:18 of 3rd period - Stopped by Matt Murray without a rebound.
17:19 of 3rd period - Anze Kopitar wins face-off versus Sidney Crosby in Stars zone.
17:24 of 3rd period - Backhand shot by Rasmus Ristolainen.
17:24 of 3rd period - Deflect By Jake Guentzel.
17:24 of 3rd period - Stopped by Matt Murray with a rebound.
17:26 of 3rd period - Wrist shot by Brandon Hagel.
17:26 of 3rd period - Shot Blocked by Tyler Wotherspoon.
17:28 of 3rd period - Slapshot by Rasmus Ristolainen.
17:28 of 3rd period - Shot Blocked by Jake Guentzel.
18:26 of 3rd period - Off-side.
18:27 of 3rd period - Sidney Crosby wins face-off versus Cory Emmerton in neutral zone.
18:34 of 3rd period - Wrist shot by Michael Grabner.
18:34 of 3rd period - Shot Misses the Net.
18:36 of 3rd period - Backhand shot by Michael Grabner.
18:36 of 3rd period - Stopped by Alex Nedeljkovic without a rebound.
18:37 of 3rd period - Anze Kopitar wins face-off versus Evgeny Kuznetsov in Lightning zone.
19:11 of 3rd period - Off-side.
19:12 of 3rd period - Alexander Kerfoot wins face-off versus Evgeny Grachev in neutral zone.
19:15 of 3rd period - Slapshot by Rasmus Ristolainen.
19:15 of 3rd period - Stopped by Matt Murray with a rebound.
19:17 of 3rd period - Snap shot by Jonathan Drouin.
19:17 of 3rd period - Stopped by Matt Murray with a rebound.
19:23 of 3rd period - Jeff Schultz is hit by Guillaume Latendresse.
Goals for this period are 0 for Stars vs 0 for Lightning.
Shots for this period are 10 for Stars vs 14 for Lightning.